 Dungeon Crawl Stone Soup version 0.20.1-1-g8b1a95d (webtiles) character file.

78 raph the Firebug (level 4, -6/25 HPs)
             Began as a Deep Elf Fire Elementalist on Oct 16, 2017.
             Mangled by a scorpion (10 damage)
             ... on level 3 of the Dungeon.
             The game lasted 00:04:40 (2651 turns).

raph the Firebug (Deep Elf Fire Elementalist)       Turns: 2651, Time: 00:04:41

Health: -6/25      AC:  5    Str:  5    XL:     4   Next: 15%
Magic:  2/10       EV: 13    Int: 21    God:
Gold:   165        SH:  0    Dex: 15    Spells: 3/9 levels left

rFire    . . .     SeeInvis .   f - +2 short sword (venom)
rCold    . . .     Gourm    .   (no shield)
rNeg     . . .     Faith    .   a - +0 robe
rPois    .         Spirit   .   (no helmet)
rElec    .         Reflect  .   (no cloak)
rCorr    .         Harm     .   (no gloves)
MR       .....                  (no boots)
Stlth    ++........             (no amulet)
Regen    0.1/turn               h - +3 ring of protection
MPRegen  0.2/turn               (no ring)

@: lethally poisoned (-6 -> -15), very slightly contaminated
A: no striking features
a: no special abilities


You were on level 3 of the Dungeon.
You were not hungry.

You visited 1 branch of the dungeon, and saw 3 of its levels.

You collected 165 gold pieces.

Inventory:

Hand Weapons
 d - a +0 dagger
 f - a +2 short sword of venom (weapon)
 g - a +3 dagger
 i - a +0 dagger of holy wrath
Armour
 a - a +0 robe (worn)
Jewellery
 h - a +3 ring of protection (left hand)
Scrolls
 e - 3 scrolls of identify {unknown}
 l - a scroll of remove curse {unknown}
 m - a scroll of fear {unknown}
 o - a scroll of recharging {unknown}
 q - 4 scrolls of immolation {unknown}
 r - a scroll of teleportation {unknown}
Potions
 j - 3 potions of haste {unknown}
 k - a potion of resistance {unknown}
 n - a potion of brilliance {unknown}
 p - a potion of curing {unknown}
 t - a potion of heal wounds {unknown}
Books
 b - a book of Flames

   Spells                             Type                      Level
   a - Flame Tongue                   Conjuration/Fire             1
   b - Throw Flame                    Conjuration/Fire             2
   c - Conjure Flame                  Conjuration/Fire             3
   d - Inner Flame                    Hexes/Fire                   3
   e - Sticky Flame                   Conjuration/Fire             4
   f - Fireball                       Conjuration/Fire             5
Comestibles
 c - 2 bread rations
 s - 2 chunks of flesh


   Skills:
 + Level 1.1 Fighting
 + Level 2.9 Dodging
 + Level 2.9 Stealth
 + Level 3.1 Spellcasting
 * Level 2.3 Conjurations
 * Level 4.0 Fire Magic


You had 3 spell levels left.
You knew the following spells:

 Your Spells              Type           Power        Failure   Level  Hunger
a - Flame Tongue          Conj/Fire      ###..        3%          1    None
b - Throw Flame           Conj/Fire      ###...       5%          2    ##.....
c - Conjure Flame         Conj/Fire      ###.....     11%         3    ###....


Dungeon Overview and Level Annotations

Branches:
Dungeon (3/15)

Altars:
Uskayaw


Message History

There is an open door here.
You barely miss the scorpion.
The scorpion is moderately wounded.
The scorpion stings you.
* * * LOW HITPOINT WARNING * * *
You are lethally poisoned!
The scorpion poisons you!
* * * LOW HITPOINT WARNING * * *
You feel sick.
* * * LOW HITPOINT WARNING * * *
You feel sick.
Casting: Flame Tongue
Confirm with . or Enter, or press ? or * to list all spells.
Aiming: Flame Tongue
Press: ? - help, Shift-Dir - straight line, f/p - scorpion
Aim: a scorpion (moderately wounded)
The flame tongue hits the scorpion.
The scorpion is severely wounded.
The scorpion stings you!
You die...

#........#
#........#
###
#........#
#<#
#........#
#.#
#........#
#.#
#>......รท#
#.#
#######'##
#.#
#.#######.#
#.s@....#.#
#######.#.#
#.#.####
#.#.(..#
#.####.#
#......#
########


You could see a scorpion.

Vanquished Creatures
  2 adders
  An ooze (D:3)
  A worm (D:2)
  A leopard gecko (D:3)
  A giant cockroach (D:3)
  7 goblins
  6 hobgoblins
  8 jackals
  7 kobolds
  5 bats
  4 frilled lizards
  6 rats
49 creatures vanquished.

Notes
Turn   | Place    | Note
-------+----------+-------------------------------------------
     0 | D:1      | raph the Deep Elf Fire Elementalist began the quest for the Orb.
     0 | D:1      | Reached XP level 1. HP: 10/10 MP: 6/6
   626 | D:1      | Reached XP level 2. HP: 15/15 MP: 6/8
   867 | D:1      | Learned a level 2 spell: Throw Flame
  1501 | D:2      | Reached XP level 3. HP: 8/20 MP: 1/9
  1864 | D:2      | Found a hide-covered altar of Uskayaw.
  2129 | D:2      | Reached skill level 1 in Fighting
  2481 | D:3      | Learned a level 3 spell: Conjure Flame
  2520 | D:3      | Reached skill level 4 in Fire Magic
  2521 | D:3      | Reached XP level 4. HP: 22/25 MP: 1/10
  2651 | D:3      | Mangled by a scorpion

Skill      XL: |  1  2  3 |
---------------+----------+-----
Fighting       | 1 |  1.1
Conjurations   | 2 |  2.3
Fire Magic     | 4 |  4.0
Dodging        | |  2.9
Stealth        | |  2.9
Spellcasting   | |  3.1

Action                   |  1- 3 |  4- 6 || total
-------------------------+-------+-------++-------
Melee: Short sword       |    17 |     3 ||    20
       Dagger            |     2 |       ||     2
 Cast: Flame Tongue      |    58 |    10 ||    68
       Throw Flame       |    16 |     2 ||    18
  Eat: Chunk             |     5 |     1 ||     6
Armor: Robe              |    12 |     3 ||    15
Dodge: Dodged            |    37 |     5 ||    42
